 Dungeon Crawl Stone Soup version 0.26.1-11-gd32895ea62 (webtiles) character file.

Game seed: 6711480000898652503

79 Zeld the Sneak (level 4, 0/29 HPs)
             Began as an Octopode Brigand on May 14, 2021.
             Succumbed to an adder's poison
             ... on level 2 of the Dungeon.
             The game lasted 00:01:41 (1840 turns).

Zeld the Sneak (Octopode Brigand)                   Turns: 1840, Time: 00:01:42

Health: 0/29       AC:  1    Str: 11    XL:     4   Next: 37%
Magic:  6/6        EV: 13    Int: 13    God:
Gold:   83         SH:  0    Dex: 13    Spells: 6/6 levels left

rFire    . . .     SeeInvis .   a - +2 dagger
rCold    . . .     Faith    .   (no shield)
rNeg     . . .     Spirit   .   (helmet restricted)
rPois    .         Reflect  .   (no amulet)
rElec    .         Harm     .   (no ring)
rCorr    .         Rampage  .   (no ring)
Will     .....                  (no ring)
Stlth    ++++......             (no ring)
HPRegen  0.09/turn              (no ring)
MPRegen  0.10/turn              (no ring)
                                (no ring)
                                (no ring)

@: lethally poisoned (0 -> -8)
A: almost no armour, stealthy swim, amphibious, 8 rings, constrict 8, camouflage
1, gelatinous body 1
a: no special abilities


You were on level 2 of the Dungeon.
You visited 1 branch of the dungeon, and saw 2 of its levels.

You collected 83 gold pieces.

Inventory:

Hand Weapons
 a - a +2 dagger (weapon)
Missiles
 b - 25 poisoned darts (quivered)
 c - 2 curare-tipped darts
 f - 2 atropa-tipped darts
Scrolls
 d - a scroll of identify {unknown}
 e - a scroll of amnesia {unknown}


   Skills:
 - Level 2.0 Fighting
 * Level 3.8 Short Blades
 - Level 2.0 Throwing
 - Level 1.0 Dodging
 - Level 5.3 Stealth
 + Level 1.7 Spellcasting


You had 6 spell levels left.
You didn't know any spells.
Your spell library was empty.

Dungeon Overview and Level Annotations

Branches:
Dungeon (2/15)

Altars:


Innate Abilities, Weirdness & Mutations

You cannot wear most types of armour.
You are very stealthy in the water. (Stealth+)
You are amphibious.
You can wear up to eight rings at the same time.
You can use your tentacles to constrict eight enemies at once.
Your skin changes colour to match your surroundings (Stealth+).
Your rubbery body absorbs attacks. (AC +1, EV +1)


Message History

You release your grip on the adder.
You feel sick. The adder barely misses you.
You feel sick.
The adder hisses angrily.
* * * LOW HITPOINT WARNING * * *
You feel sick.
* * * LOW HITPOINT WARNING * * *
You feel sick. The adder bites you.
* * * LOW HITPOINT WARNING * * *
There is a stone staircase leading up here.
* * * LOW HITPOINT WARNING * * *
You feel sick.
You see here a scroll labelled MUINWEF LUER.
You closely miss the adder. Your grab misses the adder.
The adder is heavily wounded.
The adder bites you.
* * * LOW HITPOINT WARNING * * *
Unknown command.
You aren't carrying any potions.
Unknown command.
You die...

#.(# ###..........#
..# ............#
..#####...........#
####.#...........(...#
.....................#
.#.#.#####...........#
##.#....# #..?.......#
##.####w###...††.....#
#.# #..##.###.@#####
#.# ##.##..###?# #.#
#..<.)###S# #.#
#####....S########
#..##....(....
##.##.........
.##....>....
$##..?......
.##.........


You could see 2 adders.

Vanquished Creatures
  3 adders (D:2)
  2 oozes (D:1)
  2 dart slugs (D:1)
  A leopard gecko (D:2)
  7 bats
  2 giant cockroaches (D:1)
  3 hobgoblins (D:1)
  2 jackals (D:1)
  2 frilled lizards (D:1)
  3 goblins (D:1)
  9 kobolds
  8 rats
44 creatures vanquished.

Notes
Turn   | Place    | Note
-------+----------+-------------------------------------------
     0 | D:1      | Zeld the Octopode Brigand began the quest for the Orb.
     0 | D:1      | Reached XP level 1. HP: 14/14 MP: 1/1
    54 | D:1      | Reached XP level 2. HP: 19/19 MP: 2/2
   346 | D:1      | Reached skill level 1 in Spellcasting
   620 | D:1      | Reached XP level 3. HP: 24/24 MP: 4/4
  1426 | D:2      | Reached XP level 4. HP: 14/29 MP: 6/6
  1839 | D:2      | HP: 1/29 [adder (1)]
  1840 | D:2      | Succumbed to an adder's poison

Illustrated notes

Levels and vault maps discovered:
D:1:      onia_arrival_handbag, layout_basic, serial_curves, eino_curves_02,
          eino_curves_03, minmay_hexomino_u4
D:2:      minmay_evil_eye, layout_rooms, xom_redecorated

Skill      XL: |  1  2 |
---------------+-------+-----
Spellcasting   | 1 |  1.7
Short Blades   | 3 |  3.8
Fighting       | |  2.0
Throwing       | |  2.0
Dodging        | |  1.0
Stealth        | |  5.3

Action                   |  1- 3 |  4- 6 || total
-------------------------+-------+-------++-------
Melee: Dagger            |    73 |    13 ||    86
       Constrict         |    17 |     2 ||    19
       Tentacles         |     9 |       ||     9
 Stab: Sleeping          |     9 |     2 ||    11
       Distracted        |     2 |       ||     2
Armor: Skin              |     3 |     1 ||     4
Dodge: Dodged            |    44 |     9 ||    53
